 Dungeon Crawl Stone Soup version 0.27.1-2-g3b301248ec (webtiles) character file.

Game seed: 2875854895297637381

0 MajorAdolf the Covered (level 1, -2/15 HPs)
             Began as a Naga Wanderer on Sept 29, 2021.
             Slain by a kobold (3 damage)
             ... on level 1 of the Dungeon.
             The game lasted 00:00:44 (142 turns).

MajorAdolf the Covered (Naga Wanderer)               Turns: 142, Time: 00:00:45

Health: -2/15      AC:  1    Str: 13    XL:     1   Next: 10%
Magic:  3/3        EV:  8    Int: 13    God:
Gold:   0          SH:  3    Dex: 10    Spells: 4/4 levels left

rFire    . . .     SeeInvis +   a - +0 club
rCold    . . .     Faith    .   c - +0 buckler
rNeg     . . .     Spirit   .   b - +0 robe
rPois    +         Reflect  .   (no helmet)
rElec    .         Harm     .   (no cloak)
rCorr    .         Rampage  .   (no gloves)
Will     .....                  (no barding)
Stlth    +.........             d - amulet of the acrobat
HPRegen  0.05/turn              (no ring)
MPRegen  0.08/turn              (no ring)

@: short of breath, very slow
A: AC +0, large, see invisible, deformed body, poison resistance, slowness 2,
spit poison 1, naga tail 1
a: Spit Poison


You were on level 1 of the Dungeon.
You visited 1 branch of the dungeon, and saw 1 of its levels.

Inventory:

Hand Weapons
 a - a +0 club (weapon)
Armour
 b - a +0 robe (worn)
 c - a +0 buckler (worn)
Jewellery
 d - an amulet of the acrobat (around neck)


   Skills:
 - Level 2.4 Armour
 + Level 1.0 Shields
 + Level 2.0 Spellcasting
 + Level 1.0 Summonings
 - Level 2.0 Air Magic
 - Level 1.0 Evocations


You had 4 spell levels left.
You didn't know any spells.
Your spell library contained the following spells:

 Spells                   Type           Power      Damage    Failure   Level
 Summon Small Mammal      Summ           12%        N/A       22%         1
 Pain                     Necr           4%         1d4       32%         1
 Call Imp                 Summ           3%         N/A       32%         2
 Call Canine Familiar     Summ           3%         N/A       54%         3
 Summon Guardian Golem    Hex/Summ       2%         N/A       63%         3
 Vampiric Draining        Necr           0%         2d6       69%         3
 Summon Lightning Spire   Summ/Air       5%         N/A       87%         4


Dungeon Overview and Level Annotations

Branches:
Dungeon (1/15)

Altars:


Innate Abilities, Weirdness & Mutations

Your serpentine skin is tough. (AC +0)
You have supernaturally acute eyesight. (SInv)
Armour fits poorly on your strangely shaped body.
Your system is resistant to poisons. (rPois)
You cover ground very slowly.
You can spit poison.
You have a snake-like lower body.


Message History

You hit the kobold but do no damage. The kobold closely misses you.
The kobold hits you with a +0 dagger.
You closely miss the kobold. The kobold hits you with a +0 dagger.
Press: ? - help, Shift-Dir - straight line, f/p - kobold
Aim: a kobold, wielding a +0 dagger The splash of poison misses the kobold.
The kobold hits you with a +0 dagger.
* * * LOW HITPOINT WARNING * * *
Unknown command.
The kobold closely misses you.
You can't do that yet.
Unknown command.
You have got your breath back.
Press: ? - help, Shift-Dir - straight line, f/p - kobold
Aim: a kobold, wielding a +0 dagger The splash of poison hits the kobold but does no damage.
The kobold barely misses you.
Unknown command.
The kobold closely misses you.
You can't do that yet.
Unknown command.
You have got your breath back.
Press: ? - help, Shift-Dir - straight line, f/p - kobold
Aim: a kobold, wielding a +0 dagger The splash of poison misses the kobold.
The kobold hits you with a +0 dagger.
* * * LOW HITPOINT WARNING * * *
Unknown command.
The kobold misses you. The kobold closely misses you.
You have got your breath back.
Press: ? - help, Shift-Dir - straight line, f/p - kobold
Aim: a kobold, wielding a +0 dagger The splash of poison misses the kobold.
The kobold barely misses you.
Unknown command.
The kobold barely misses you.
You have got your breath back.
The kobold misses you.
Press: ? - help, Shift-Dir - straight line, f/p - kobold
Aim: a kobold, wielding a +0 dagger The splash of poison misses the kobold.
The kobold hits you with a +0 dagger.
You die...

#.# #....# #.#
#....#
#.####....#######
##.........'.....#
.....##†...#####.#
....>##....# #.#
.....##....# #.#
##+#......## #.#
#.####.# #@# #.#
#.# #K# #.# #.#
#.# ##+#.# #.#
.....###########.#
...).............#
....##############
.... ##.#


You could see a kobold.

Vanquished Creatures
  A rat (D:1)
1 creature vanquished.

Notes
Turn   | Place    | Note
-------+----------+-------------------------------------------
     0 | D:1      | MajorAdolf the Naga Wanderer began the quest for the Orb.
     0 | D:1      | MajorAdolf set off with the following items: a +0 club, a
                  | +0 robe, a +0 buckler; and the following spells available
                  | to memorise: Summon Small Mammal, Pain, Call Imp, Call
                  | Canine Familiar, Summon Guardian Golem, Vampiric Draining,
                  | Summon Lightning Spire
     0 | D:1      | Reached XP level 1. HP: 15/15 MP: 3/3
   142 | D:1      | Slain by a kobold

Illustrated notes

Levels and vault maps discovered:
D:1:      lemuel_arrival_muddy, layout_basic

Action                   || total
-------------------------++-------
Melee: Club              ||     4
 Abil: Spit Poison       ||     7
Dodge: Dodged            ||     9
